[ PARTIDA AOE2 · #495697632 ]
UnrankedAztecas vs Bengalis
Equipo del jugador · VICT
Equipo rival · DERR
[ ANÁLISIS DE REPETICIÓN · EXTRAÍDO DE LA PARTIDA GRABADA ]
Feudal
11:04
Castillos
14:45
Imperial
—
| APM promedio | 39.8 |
| APM pico | 87 |
| eAPM promedio | 20.3 |
| Aldeanos / militares | 68 / 30 |
Foco
⚔️ 38.4% · 🌾 61.6%
Eagle Scout ×23 · Monk ×4 · Spearman ×3
Feudal
11:03
Castillos
14:35
Imperial
—
| APM promedio | 37.2 |
| APM pico | 87 |
| eAPM promedio | 18.6 |
| Aldeanos / militares | 64 / 17 |
Foco
⚔️ 26.0% · 🌾 74.0%
Scout Cavalry ×12 · Monk ×3 · Battle Elephant ×2
Mapa de la partida
Recursos iniciales + cada clic de construcción. Líneas = muros · curvas = relieve. ◆ oro · ⬟ piedra · ● bayas · ✦ reliquia · ◌ hueco del cierre
Tu base· ✓ Cerrada en 14:45 · 0t muro · 2 puerta(s)
Base de El Bisonte· ✓ Cerrada en 14:35 · 0t muro · 2 puerta(s)
Terreno inicial suavizado · ◌ = hueco del cierre detectado · pasá el cursor para detalles
Inputs por minuto
— Frédéric Chopin - - El Bisonte
Build order — Frédéric Chopin
Primeras 150 de 160 acciones detectadas
| 0:01 | Crear | Villager (Male) |
| 0:01 | Crear | Villager (Male) |
| 0:02 | Construir | House |
| 0:04 | Construir | House |
| 0:15 | Crear | Villager (Male) |
| 0:15 | Crear | Villager (Male) |
| 1:21 | Crear | Villager (Male) |
| 1:56 | Construir | Lumber Camp |
| 2:02 | Crear | Villager (Male) |
| 2:02 | Crear | Villager (Male) |
| 2:02 | Crear | Villager (Male) |
| 2:46 | Crear | Villager (Male) |
| 2:59 | Crear | Villager (Male) |
| 3:38 | Crear | Villager (Male) |
| 3:49 | Construir | House |
| 3:51 | Construir | House |
| 3:56 | Crear | Villager (Male) |
| 3:56 | Crear | Villager (Male) |
| 4:20 | Crear | Villager (Male) |
| 4:35 | Construir | Mill |
| 4:45 | Crear | Villager (Male) |
| 5:23 | Crear | Villager (Male) |
| 5:23 | Crear | Villager (Male) |
| 5:56 | Crear | Villager (Male) |
| 5:56 | Crear | Villager (Male) |
| 6:13 | Crear | Villager (Male) |
| 7:01 | Crear | Villager (Male) |
| 7:10 | Construir | Farm |
| 7:14 | Construir | Farm |
| 7:55 | Crear | Villager (Male) |
| 7:56 | Crear | Villager (Male) |
| 8:06 | Construir | House |
| 8:09 | Construir | Farm |
| 8:14 | Construir | Farm |
| 8:19 | Construir | Farm |
| 8:25 | Construir | Farm |
| 8:34 | Construir | Mining Camp |
| 8:43 | Construir | Farm |
| 8:54 | Investigar | Feudal Age |
| 11:03 | Crear | Villager (Male) |
| 11:03 | Crear | Villager (Male) |
| 11:04 | Edad | Edad Feudal |
| 11:05 | Construir | Market |
| 11:07 | Crear | Villager (Male) |
| 11:08 | Construir | Blacksmith |
| 11:48 | Construir | Mill |
| 12:05 | Investigar | Castle Age |
| 12:06 | Investigar | Castle Age |
| 12:28 | Construir | Barracks |
| 13:00 | Construir | House |
| 13:04 | Investigar | Double-Bit Axe |
| 13:05 | Investigar | Double-Bit Axe |
| 13:21 | Crear | Eagle Scout |
| 13:22 | Crear | Villager (Male) |
| 13:34 | Crear | Villager (Male) |
| 13:39 | Construir | Barracks |
| 13:47 | Crear | Eagle Scout |
| 13:59 | Crear | Villager (Male) |
| 14:04 | Construir | House |
| 14:09 | Construir | Farm |
| 14:25 | Investigar | Scale Mail Armor |
| 14:34 | Crear | Eagle Scout |
| 14:45 | Edad | Edad de los Castillos |
| 14:51 | Investigar | Squires |
| 14:58 | Crear | Eagle Scout |
| 14:58 | Crear | Villager (Male) |
| 15:02 | Construir | House |
| 15:07 | Crear | Villager (Male) |
| 15:22 | Construir | Town Center |
| 15:23 | Crear | Villager (Male) |
| 15:31 | Crear | Eagle Scout |
| 15:33 | Crear | Villager (Male) |
| 15:37 | Crear | Villager (Male) |
| 15:43 | Crear | Eagle Scout |
| 15:44 | Crear | Villager (Male) |
| 15:54 | Crear | Eagle Scout |
| 15:54 | Crear | Villager (Male) |
| 16:21 | Investigar | Eagle Warrior (upgrade) |
| 16:23 | Crear | Villager (Male) |
| 16:54 | Crear | Villager (Male) |
| 17:00 | Investigar | Forging |
| 17:11 | Crear | Eagle Scout |
| 17:34 | Crear | Villager (Male) |
| 17:37 | Crear | Eagle Scout |
| 17:40 | Construir | Farm |
| 17:40 | Construir | Farm |
| 17:40 | Construir | Farm |
| 17:41 | Construir | Farm |
| 17:52 | Crear | Eagle Scout |
| 18:10 | Crear | Villager (Male) |
| 18:12 | Crear | Eagle Scout |
| 18:14 | Construir | Farm |
| 18:21 | Construir | Farm |
| 18:26 | Crear | Eagle Scout |
| 18:32 | Crear | Villager (Male) |
| 18:42 | Crear | Villager (Male) |
| 18:47 | Crear | Villager (Male) |
| 18:51 | Construir | Monastery |
| 19:18 | Crear | Eagle Scout |
| 19:18 | Crear | Eagle Scout |
| 19:19 | Crear | Villager (Male) |
| 19:19 | Crear | Villager (Male) |
| 19:30 | Construir | House |
| 19:30 | Construir | House |
| 19:30 | Construir | House |
| 19:30 | Construir | House |
| 19:32 | Construir | Farm |
| 19:50 | Investigar | Chain Mail Armor |
| 19:50 | Investigar | Chain Mail Armor |
| 19:53 | Construir | House |
| 19:53 | Construir | House |
| 20:05 | Crear | Villager (Male) |
| 20:09 | Crear | Monk |
| 20:10 | Crear | Villager (Male) |
| 20:28 | Crear | Spearman |
| 20:28 | Crear | Spearman |
| 20:28 | Crear | Spearman |
| 20:36 | Crear | Villager (Male) |
| 21:05 | Crear | Villager (Male) |
| 21:06 | Crear | Eagle Scout |
| 21:07 | Crear | Villager (Male) |
| 21:08 | Crear | Monk |
| 21:28 | Crear | Eagle Scout |
| 21:51 | Crear | Villager (Male) |
| 21:57 | Crear | Villager (Male) |
| 21:58 | Crear | Monk |
| 21:59 | Crear | Villager (Male) |
| 22:09 | Construir | Town Center |
| 22:10 | Crear | Villager (Male) |
| 22:31 | Crear | Villager (Male) |
| 22:43 | Crear | Monk |
| 22:57 | Crear | Villager (Male) |
| 22:59 | Construir | Farm |
| 22:59 | Construir | Farm |
| 23:00 | Construir | Farm |
| 23:00 | Construir | Farm |
| 23:00 | Construir | Farm |
| 23:00 | Construir | Farm |
| 23:01 | Construir | Farm |
| 23:05 | Crear | Villager (Male) |
| 23:05 | Crear | Villager (Male) |
| 23:05 | Crear | Villager (Male) |
| 23:05 | Crear | Villager (Male) |
| 23:21 | Crear | Eagle Scout |
| 23:21 | Crear | Eagle Scout |
| 23:21 | Crear | Eagle Scout |
| 23:22 | Crear | Villager (Male) |
| 23:23 | Crear | Villager (Male) |
| 23:44 | Construir | House |
| 23:48 | Construir | Siege Workshop |
Build order — El Bisonte
Primeras 150 de 155 acciones detectadas
| 0:01 | Crear | Villager (Male) |
| 0:02 | Crear | Villager (Male) |
| 0:02 | Crear | Villager (Male) |
| 0:02 | Crear | Villager (Male) |
| 0:03 | Construir | House |
| 0:05 | Construir | House |
| 1:28 | Construir | Lumber Camp |
| 1:29 | Crear | Villager (Male) |
| 1:36 | Construir | Lumber Camp |
| 1:54 | Crear | Villager (Male) |
| 2:36 | Crear | Villager (Male) |
| 2:36 | Crear | Villager (Male) |
| 2:53 | Crear | Villager (Male) |
| 3:10 | Construir | House |
| 3:17 | Crear | Villager (Male) |
| 3:43 | Construir | Mill |
| 3:47 | Crear | Villager (Male) |
| 3:48 | Crear | Villager (Male) |
| 4:43 | Crear | Villager (Male) |
| 4:43 | Crear | Villager (Male) |
| 4:43 | Crear | Villager (Male) |
| 4:44 | Crear | Villager (Male) |
| 5:26 | Construir | Mill |
| 5:50 | Crear | Villager (Male) |
| 5:51 | Crear | Villager (Male) |
| 6:03 | Construir | House |
| 6:09 | Crear | Villager (Male) |
| 6:09 | Crear | Villager (Male) |
| 6:11 | Construir | Farm |
| 6:11 | Crear | Villager (Male) |
| 6:12 | Crear | Villager (Male) |
| 6:44 | Construir | Farm |
| 6:50 | Crear | Villager (Male) |
| 6:50 | Crear | Villager (Male) |
| 7:05 | Crear | Villager (Male) |
| 7:17 | Crear | Villager (Male) |
| 7:40 | Crear | Villager (Male) |
| 8:11 | Crear | Villager (Male) |
| 8:31 | Construir | Mining Camp |
| 8:42 | Investigar | Feudal Age |
| 8:53 | Construir | Barracks |
| 9:10 | Crear | Villager (Male) |
| 9:10 | Crear | Villager (Male) |
| 9:40 | Construir | House |
| 9:48 | Construir | House |
| 11:03 | Edad | Edad Feudal |
| 11:04 | Construir | Stable |
| 11:06 | Construir | Blacksmith |
| 11:55 | Investigar | Castle Age |
| 11:55 | Investigar | Castle Age |
| 12:21 | Investigar | Horse Collar |
| 12:24 | Construir | Farm |
| 12:27 | Construir | Farm |
| 12:35 | Construir | Farm |
| 13:00 | Investigar | Double-Bit Axe |
| 13:00 | Investigar | Double-Bit Axe |
| 13:08 | Construir | Farm |
| 13:10 | Construir | Farm |
| 13:13 | Construir | Farm |
| 13:22 | Construir | House |
| 13:29 | Crear | Scout Cavalry |
| 13:44 | Crear | Scout Cavalry |
| 13:58 | Construir | House |
| 14:08 | Crear | Scout Cavalry |
| 14:16 | Construir | Farm |
| 14:30 | Crear | Scout Cavalry |
| 14:35 | Edad | Edad de los Castillos |
| 14:37 | Construir | Monastery |
| 14:39 | Crear | Villager (Male) |
| 14:45 | Construir | House |
| 14:45 | Crear | Villager (Male) |
| 14:48 | Crear | Villager (Male) |
| 15:09 | Crear | Villager (Male) |
| 15:23 | Crear | Monk |
| 15:25 | Crear | Villager (Male) |
| 15:31 | Crear | Villager (Male) |
| 15:49 | Crear | Villager (Male) |
| 15:55 | Construir | Town Center |
| 15:56 | Crear | Villager (Male) |
| 16:16 | Investigar | Light Cavalry (upgrade) |
| 16:30 | Crear | Villager (Male) |
| 16:36 | Crear | Scout Cavalry |
| 16:44 | Crear | Villager (Male) |
| 16:47 | Construir | Farm |
| 16:48 | Construir | Farm |
| 16:59 | Crear | Villager (Male) |
| 17:00 | Crear | Villager (Male) |
| 17:12 | Crear | Villager (Male) |
| 17:15 | Construir | Farm |
| 17:16 | Construir | Farm |
| 17:17 | Construir | Farm |
| 17:17 | Construir | Farm |
| 17:17 | Construir | Farm |
| 17:17 | Construir | Farm |
| 17:18 | Construir | Farm |
| 17:18 | Construir | Farm |
| 17:29 | Crear | Monk |
| 17:46 | Crear | Villager (Male) |
| 17:49 | Construir | Farm |
| 17:50 | Construir | Farm |
| 17:50 | Construir | Farm |
| 17:50 | Construir | Farm |
| 17:50 | Construir | Farm |
| 17:52 | Crear | Villager (Male) |
| 17:52 | Crear | Villager (Male) |
| 18:22 | Crear | Villager (Male) |
| 18:25 | Crear | Scout Cavalry |
| 18:25 | Crear | Scout Cavalry |
| 18:33 | Crear | Villager (Male) |
| 18:41 | Construir | Town Center |
| 18:43 | Crear | Villager (Male) |
| 18:50 | Crear | Villager (Male) |
| 18:53 | Construir | House |
| 19:13 | Crear | Scout Cavalry |
| 19:13 | Crear | Scout Cavalry |
| 19:26 | Crear | Villager (Male) |
| 19:36 | Crear | Scout Cavalry |
| 19:43 | Crear | Villager (Male) |
| 20:02 | Crear | Villager (Male) |
| 20:03 | Crear | Villager (Male) |
| 20:10 | Investigar | Loom |
| 20:26 | Construir | House |
| 20:29 | Construir | Palisade Wall |
| 20:33 | Construir | Palisade Wall |
| 20:37 | Construir | Palisade Wall |
| 20:39 | Construir | Palisade Wall |
| 20:40 | Construir | Palisade Wall |
| 21:16 | Crear | Villager (Male) |
| 21:19 | Crear | Scout Cavalry |
| 21:19 | Crear | Scout Cavalry |
| 21:20 | Crear | Villager (Male) |
| 21:31 | Construir | House |
| 21:32 | Construir | House |
| 21:47 | Crear | Villager (Male) |
| 21:56 | Construir | Palisade Wall |
| 22:00 | Construir | Palisade Wall |
| 22:03 | Construir | Palisade Wall |
| 22:06 | Crear | Villager (Male) |
| 22:18 | Construir | Farm |
| 22:18 | Construir | Farm |
| 22:20 | Construir | Farm |
| 22:30 | Crear | Villager (Male) |
| 22:31 | Crear | Monk |
| 22:32 | Crear | Villager (Male) |
| 22:34 | Construir | Farm |
| 22:37 | Construir | Farm |
| 22:37 | Crear | Villager (Male) |
| 22:51 | Investigar | Fletching |
| 23:06 | Crear | Villager (Male) |
| 23:18 | Construir | House |
Cronología de la partida
| 8:53 | El Bisonte · first_building Barracks |
| 11:03 | El Bisonte · age_up feudal |
| 11:04 | Frédéric Chopin · age_up feudal |
| 11:04 | El Bisonte · first_building Stable |
| 12:28 | Frédéric Chopin · first_building Barracks |
| 13:27 | Frédéric Chopin · first_market_buy 100 wood |
| 14:35 | El Bisonte · age_up castle |
| 14:37 | El Bisonte · first_building Monastery |
| 14:45 | Frédéric Chopin · age_up castle |
| 16:09 | Frédéric Chopin · first_market_sell 500 stone |
| 18:51 | Frédéric Chopin · first_building Monastery |
| 20:29 | El Bisonte · wall_segment Palisade Wall x1 |
| 20:33 | El Bisonte · wall_segment Palisade Wall x1 |
| 20:37 | El Bisonte · wall_segment Palisade Wall x1 |
| 20:39 | El Bisonte · wall_segment Palisade Wall x1 |
| 20:40 | El Bisonte · wall_segment Palisade Wall x1 |
| 21:56 | El Bisonte · wall_segment Palisade Wall x1 |
| 22:00 | El Bisonte · wall_segment Palisade Wall x1 |
| 22:03 | El Bisonte · wall_segment Palisade Wall x1 |
| 23:48 | Frédéric Chopin · first_building Siege Workshop |
| 24:31 | El Bisonte · resign |
[ ANÁLISIS IA · 1 CRÉDITO ]
¿Qué pasó realmente en esta partida?
Wolo.gg analiza cada decisión: build order, eco, micro, errores típicos por bracket. Análisis personalizado por WhatsApp o Discord en 30 segundos.
Guía civ
Aztecas
Perfil
Frédéric Chopin